 Dungeon Crawl Stone Soup version 0.29.1-2-gbd0b4ee654 (webtiles) character file.

Game seed: 7296558832317366103

665 safid the Shooter (level 7, -7/66 HPs)
             Began as a Minotaur Hunter on Nov 9, 2022.
             Mangled by a troll (13 damage)
             ... on level 5 of the Dungeon.
             The game lasted 00:06:46 (3057 turns).

safid the Shooter (Minotaur Hunter)                 Turns: 3057, Time: 00:06:46

Health: -7/66      AC:  8    Str: 15    XL:     7   Next: 31%
Magic:  6/6        EV: 14    Int: 10    God:
Gold:   193        SH:  0    Dex: 22    Spells: 6/6 levels left

rFire   . . .      SeeInvis .   a - +0 shortbow
rCold   + + .      Faith    .   (shield currently unavailable)
rNeg    + . .      Spirit   .   j - +0 scale mail
rPois   .          Reflect  .   (helmet restricted)
rElec   .          Harm     .   w - +0 cloak "Bogale" {rC++ rN+ Int+4}
rCorr   .          Rampage  .   (no gloves)
Will    .....                   m - +0 pair of boots
Stlth   +.........              p - amulet of regeneration
HPRegen 1.01/turn               g - +4 ring of evasion
MPRegen 0.10/turn               x - +6 ring of dexterity

@: about to teleport
A: horns 2, retaliatory headbutt
a: no special abilities


You were on level 5 of the Dungeon.
You visited 1 branch of the dungeon, and saw 5 of its levels.

You collected 193 gold pieces.

Inventory:

Hand Weapons
 a - a +0 shortbow (weapon)
Armour
 j - a +0 scale mail (worn)
 m - a +0 pair of boots (worn)
 w - the +0 cloak "Bogale" (worn) {rC++ rN+ Int+4}
   (You found it on level 4 of the Dungeon)

   Int:       It affects your intelligence (+4).
   rC:        It greatly protects you from cold.
   rN:        It protects you from negative energy.
Jewellery
 g - a +4 ring of evasion (left hand)
 p - an amulet of regeneration (around neck)
 x - a +6 ring of dexterity (right hand)
Scrolls
 b - a scroll of enchant weapon {unknown}
 d - 2 scrolls of amnesia {unknown}
 e - 6 scrolls of identify {unknown}
 f - 2 scrolls of teleportation
 h - 2 scrolls of butterflies {unknown}
 i - a scroll of torment {unknown}
 n - a scroll of silence {unknown}
 s - 2 scrolls of vulnerability {unknown}
 v - 2 scrolls of poison {unknown}
 y - a scroll of fear {unknown}
 A - a scroll of enchant armour {unknown}
Potions
 c - 2 potions of invisibility {unknown}
 k - a potion of resistance {unknown}
 l - 3 potions of curing {unknown}
 o - a potion of degeneration {unknown}
 q - a potion of heal wounds {unknown}
 r - a potion of attraction {unknown}
 t - 2 potions of flight {unknown}
 u - a potion of might {unknown}
 z - a potion of brilliance {unknown}
 B - a potion of berserk rage {unknown}


   Skills:
 + Level 7.2 Fighting
 + Level 7.6 Ranged Weapons
 - Level 2.1 Dodging
 - Level 0.7 Stealth


You had 6 spell levels left.
You didn't know any spells.
Your spell library contained the following spells:

 Spells                   Type           Power      Damage    Failure   Level
 Beastly Appendage        Tmut           0%         N/A       85%         1
 Passwall                 Tmut/Erth      0%         N/A       94%         2
 Sublimation of Blood     Necr           0%         N/A       94%         2
 Dazzling Flash           Conj/Hex       0%         N/A       99%         3
 Spider Form              Tmut/Pois      0%         N/A       99%         3
 Corpse Rot               Necr/Pois/Air  0%         N/A       100%        4
 Iskenderun's Mystic Bla  Conj/Tloc      0%         2d3       100%        4
 Petrify                  Tmut/Erth      0%         N/A       100%        4
 Irradiate                Conj/Tmut      0%         3d11      100%        5
 Starburst                Conj/Fire      0%         6d3       100%        6
 Dragon Form              Tmut           0%         N/A       100%        7


Dungeon Overview and Level Annotations

Branches:
Dungeon (5/15)
 Temple: D:4-7

Altars:
Gozag
Trog
Uskayaw
Vehumet
Wu Jian
The Shining One

Shops:
D:4 (


Innate Abilities, Weirdness & Mutations

You have a pair of horns on your head.
You reflexively headbutt those who attack you in melee.


Message History

You shoot an arrow. The arrow hits the orc.
The orc is lightly wounded.
The orc hits you but does no damage.
You shoot an arrow. The arrow barely misses the orc.
The orc misses you.
A troll comes into view.
You shoot an arrow. The arrow barely misses the orc.
The orc closely misses you. You furiously retaliate!
You headbutt the orc.
You kill the orc!
You shoot an arrow.
The arrow hits the troll but does no damage.
You shoot an arrow. The arrow hits the troll!
The troll is moderately wounded.
You shoot an arrow. The arrow hits the troll.
The troll is moderately wounded.
You shoot an arrow. The arrow closely misses the troll.
The troll bites you! The troll closely misses you. The troll claws you!
You shoot an arrow.
The arrow hits the troll but does no damage.
The troll is moderately wounded.
The troll closely misses you. x2; The troll claws you but does no damage.
You shoot an arrow. The arrow hits the troll.
The troll is moderately wounded.
The troll barely misses you. The troll claws you! x2
You are too injured to fight recklessly!
You are too injured to fight recklessly!
You are too injured to fight recklessly!
Fire: a) +0 shortbow
Press: ? - help, Q - select action Shift-Dir - straight line, f/p - troll
Aim: a troll (moderately wounded, 69% to hit)
You shoot an arrow. The arrow hits the troll!
The troll is heavily wounded.
The troll bites you. The troll claws you. The troll barely misses you.
The troll closely misses you. The troll claws you!
* * * LOW HITPOINT WARNING * * *
The troll claws you.
* * * LOW HITPOINT WARNING * * *
As you read the scroll labelled PIMUZA JUKIT, it crumbles to dust.
You feel strangely unstable.
It was a scroll of teleportation.
The troll bites you!
You die...

...# ####...###
#........)
######.........
#..............
$...........#
........)...#
.......@T..#
.......#....#
....... .....#
....... #......
....... #.....
....... $...#
.#..... #?..
...... ...


You could see a troll.

Vanquished Creatures
  An ice beast (D:4)
  A black bear (D:4)
  2 scorpions (D:4)
  A hound (D:4)
  5 orc priests
  2 orc wizards
  A statue (D:4)
  3 adders
  3 worms
  2 dart slugs (D:1)
  7 orcs
  6 ball pythons
  9 endoplasms
  2 giant cockroaches
  5 goblins
  8 hobgoblins
  12 jackals
  7 quokkas
  3 bats
  7 frilled lizards
  7 kobolds
  6 rats
100 creatures vanquished.

Vanquished Creatures (others)
  5 fungi (D:2)
5 creatures vanquished.

Grand Total: 105 creatures vanquished

Notes
Turn   | Place    | Note
-------+----------+-------------------------------------------
     0 | D:1      | safid the Minotaur Hunter began the quest for the Orb.
     0 | D:1      | Reached XP level 1. HP: 18/18 MP: 0/0
   149 | D:1      | Reached XP level 2. HP: 25/25 MP: 1/1
   516 | D:1      | Reached skill level 5 in Ranged Weapons
   516 | D:1      | Reached XP level 3. HP: 28/28 MP: 2/2
   835 | D:2      | Got the Octavo of Amorphous Lightning
   865 | D:2      | Reached XP level 4. HP: 40/40 MP: 3/3
   881 | D:2      | Found a faded altar of an unknown god.
  1064 | D:2      | Reached XP level 5. HP: 9/47 MP: 4/4
  1713 | D:3      | Found an opulent altar of Gozag.
  1802 | D:3      | Reached skill level 5 in Fighting
  2158 | D:4      | Identified the +0 cloak "Bogale" {rC++ rN+ Int+4}
  2256 | D:4      | Found a radiant altar of Vehumet.
  2256 | D:4      | Noticed a frost-covered statue
  2261 | D:4      | Killed a frost-covered statue
  2262 | D:4      | Reached XP level 6. HP: 57/57 MP: 5/5
  2275 | D:4      | Identified the +1 robe of the Salamander {*Slow Regen+
                  | Str+7 Slay+3}
  2294 | D:4      | Found a bloodstained altar of Trog.
  2369 | D:4      | Found a hide-covered altar of Uskayaw.
  2459 | D:4      | Found an ornate altar of the Wu Jian Council.
  2616 | D:4      | Reached XP level 7. HP: 64/64 MP: 6/6
  2830 | D:4      | Found Maowk's Antique Weapon Shop.
  2954 | D:4      | Found a glowing golden altar of the Shining One.
  3046 | D:5      | Entered Level 5 of the Dungeon
  3048 | D:5      | Noticed a troll
  3057 | D:5      | Mangled by a troll

Illustrated notes

Levels and vault maps discovered:
D:1:      ncdulo_lavacross, layout_loops_ring, st_stairs_8
D:2:      layout_rooms, shapermc_ecumenical_altar_totnotflames,
          dreamdust_mushroom_princess, minmay_split_cup_large
D:3:      layout_rooms, mainiacjoe_overflow_paths
D:4:      layout_gridville, vehumet_statue, kennysheep_mini_moat,
          lemuel_doored_altar, mainiacjoe_overflow_chevrons,
          overflow_temple_1_default, serial_shops, shop, minivault_25
D:5:      layout_cave_pools, nicolae_overflow_crystal_walls,
          makhleb_altar_promises_db, minivault_19

Skill      XL: |  1  2  3  4  5  6  7 |
---------------+----------------------+-----
Fighting       | 3 4 5 6 7 |  7.2
Ranged Weapons | 5 6 7 |  7.6
Dodging        | |  2.1
Stealth        | |  0.7

Action                   |  1- 3 |  4- 6 |  7- 9 || total
-------------------------+-------+-------+-------++-------
 Fire: Shortbow          |    97 |   151 |    24 ||   272
  Use: Scroll            |       |       |     1 ||     1
Armor: Leather armour    |     4 |       |       ||     4
       Scale mail        |    12 |    26 |     3 ||    41
Dodge: Dodged            |    47 |    52 |    13 ||   112
